 Dungeon Crawl Stone Soup version 0.31-a0-523-g071a6c1ffa (webtiles) character file.

Game seed: 10859865952790405091

85 MisterAzrael the Chopper (level 4, 0/37 (39) HPs)
             Began as a Hill Orc Fighter on Aug 11, 2023.
             Slain by Robin
             ... wielding a +4 trident of venom
              (8 damage)
             ... on level 3 of the Dungeon.
             The game lasted 00:02:05 (1622 turns).

MisterAzrael the Chopper (Hill Orc Fighter)         Turns: 1622, Time: 00:02:05

HP:   0/37 (39)     AC:  8    Str: 20    XL:     4   Next: 48%
MP:   4/4           EV:  9    Int:  8    God:
Gold: 155           SH:  4    Dex: 10    Spells: 3/3 levels left

rFire   . . .        a - +0 war axe
rCold   . . .        c - +0 buckler
rNeg    . . .        b - +0 scale mail
rPois   .            (no helmet)
rElec   .            (no cloak)
rCorr   .            (no gloves)
SInv    .            g - +0 pair of boots
Will    .....        (no amulet) Stlth
                     (no ring)
HPRegen 0.26/turn    (no ring)
MPRegen 0.09/turn

%: no passive effects
@: drained
A: no striking features
a: no special abilities


You were on level 3 of the Dungeon.
You visited 1 branch of the dungeon, and saw 3 of its levels.

You collected 155 gold pieces.

Inventory:

Hand Weapons
 a - a +0 war axe (weapon)
Armour
 b - a +0 scale mail (worn)
 c - a +0 buckler (worn)
 g - a +0 pair of boots (worn)
 q - an orb of guile
Jewellery
 f - a +5 ring of evasion
Scrolls
 e - a scroll of identify {unknown}
 i - a scroll of blinking {unknown}
 j - a scroll of vulnerability {unknown}
 k - a scroll of teleportation {unknown}
 m - a scroll of torment {unknown}
 n - 3 scrolls of fog {unknown}
 p - a scroll of enchant weapon {unknown}
 r - a scroll of noise {unknown}
Potions
 d - a potion of might
 l - a potion of heal wounds {unknown}
 o - a potion of mutation {unknown}
 s - a potion of enlightenment {unknown}


   Skills:
 - Level 3.6 Fighting
 + Level 6.1 Axes
 - Level 3.2 Armour
 - Level 3.2 Shields


You had 3 spell levels left.
You didn't know any spells.
Your spell library contained the following spells:

 Spells                   Type           Power      Damage    Failure   Level
 Apportation              Tloc           0%         N/A       83%         1
 Alistair's Intoxication  Tmut/Pois      0%         N/A       100%        5


Dungeon Overview and Level Annotations

Branches:
Dungeon (3/15)

Altars:

Annotations:
D:3 Robin


Message History

The goblin shoots a sling bullet.
The sling bullet closely misses you.
You are too injured to fight recklessly!
You are too injured to fight recklessly!
You are too injured to fight recklessly!
You closely miss the goblin. You hit the goblin.
You kill the goblin!
You closely miss the goblin. Robin throws the goblin at you!
The goblin hits you but does no damage. x2; The goblin shoots a sling bullet.
You block the sling bullet. The goblin hits you but does no damage.
The goblin completely misses you. The goblin hits you but does no damage.
You block the goblin's attack.
Your Axes skill increases to level 6!
You slash the goblin!
You kill the goblin!
You completely miss the goblin. You barely miss the goblin. You hit the goblin.
The goblin shoots a sling bullet.
The sling bullet hits you but does no damage.
The goblin hits you but does no damage. x2; You block the goblin's attack.
The goblin shoots a sling bullet.
The sling bullet hits you.
* * * LOW HITPOINT WARNING * * *
You hit the goblin.
You kill the goblin!
You hit the hobgoblin.
You kill the hobgoblin!
You barely miss the goblin. You slash the goblin!
You kill the goblin!
You block the goblin's attack. Robin barely misses you.
The goblin shoots a sling bullet.
The sling bullet closely misses you.
You slash the goblin!
You kill the goblin!
Robin throws the goblin at you!
* * * LOW HITPOINT WARNING * * *
The goblin unwields a +0 sling.
The goblin wields a +0 club.
The goblin hits you but does no damage.
You slash the goblin!
You kill the goblin!
Robin roars a battlecry!
The goblin goes into a battle-frenzy!
Robin hits you from afar with a +4 trident of venom!
You die...

....... .......
....... .......
##....... #........
####)g......
###.))).......
#########...)@g##.....
###..........)####
##.. #...########.## #
##.####### ...#
...............
.########..###.. .#
#.# ### ## #. .# .


You could see Robin and a goblin (strong).

Vanquished Creatures
  An adder (D:2)
  2 dart slugs (D:2)
  An orc (D:3)
  6 bats
  2 endoplasms
  4 giant cockroaches
  13 goblins
  11 hobgoblins
  A kobold (D:1)
  2 quokkas
  7 ball pythons
  3 frilled lizards
  12 rats
65 creatures vanquished.

Notes
Turn   | Place    | Note
-------+----------+-------------------------------------------
     0 | D:1      | MisterAzrael the Hill Orc Fighter began the quest for the
                  | Orb.
     0 | D:1      | Reached XP level 1. HP: 19/19 MP: 1/1
    64 | D:1      | Reached skill level 3 in Axes
   316 | D:1      | Reached XP level 2. HP: 26/26 MP: 2/2
   439 | D:1      | Reached skill level 4 in Axes
   752 | D:1      | Reached XP level 3. HP: 31/31 MP: 3/3
  1013 | D:2      | Reached skill level 5 in Axes
  1300 | D:2      | Reached XP level 4. HP: 39/39 MP: 4/4
  1613 | D:3      | Noticed Robin
  1619 | D:3      | Reached skill level 6 in Axes
  1622 | D:3      | Slain by Robin

Illustrated notes

Levels and vault maps discovered:
D:1:      nagdon_arrival_double_spiral, layout_basic,
          corexii_item_surrounded_by_moat, minmay_rat_gold_closets
D:2:      layout_rooms, minmay_misc_feat_secret_circle, nicolae_the_louvre
D:3:      layout_rooms, uniq_robin, uniq_grinder

Skill      XL: |  1  2  3  4 |
---------------+-------------+-----
Axes           | 3 4 5 6 |  6.1
Fighting       | |  3.6
Armour         | |  3.2
Shields        | |  3.2

Action                     |  1- 3 |  4- 6 || total
---------------------------+-------+-------++-------
  Melee: War axe           |   115 |    44 ||   159
    Use: Potion            |       |     1 ||     1
 Armour: Scale mail        |    65 |    36 ||   101
  Dodge: Dodged            |    61 |    24 ||    85
  Block: Buckler           |    28 |    17 ||    45

Table legend: (Time is in decaauts)
 A = Elapsed time spent in this place.
 B = Non-inter-level travel time spent in this place.
 C = Inter-level travel time spent in this place.
 D = Time resting spent in this place.
 E = Time spent auto-exploring this place.
 F = Levels seen in this place.
 G = Mean time per level.
                   A        B        C        D        E       F      G
               +--------+--------+--------+--------+--------+-----+--------+
         Total |   1668 |   1605 |     63 |      0 |   1224 |   3 |  556.0 |
       Dungeon |   1668 |   1605 |     63 |      0 |   1224 |   3 |  556.0 |
               +--------+--------+--------+--------+--------+-----+--------+

Top non-repeatable levels by time:
     D:1: 925 daAuts
     D:2: 602 daAuts
     D:3: 139 daAuts
